 Dungeon Crawl Stone Soup version 0.29-a0-770-g2e8140cf71 (webtiles) character file.

Game seed: 1087680790209265660

959 PentaManta the Covert (level 8, -3/50 HPs)
             Began as an Octopode Brigand on July 1, 2022.
             Slain by an ice beast (8 damage)
             ... on level 5 of the Dungeon.
             The game lasted 00:09:17 (4992 turns).

PentaManta the Covert (Octopode Brigand)            Turns: 4992, Time: 00:09:17

Health: -3/50      AC:  1    Str: 10    XL:     8   Next: 14%
Magic:  8/8        EV: 15    Int: 19    God:
Gold:   296        SH:  0    Dex: 16    Spells: 7/7 levels left

rFire   + . .      SeeInvis .   a - +3 dagger (chaos)
rCold   . . .      Faith    .   (no shield)
rNeg    . . .      Spirit   .   (helmet restricted)
rPois   .          Reflect  .   r - amulet of magic regeneration
rElec   .          Harm     .   o - ring of protection from fire
rCorr   .          Rampage  .   t - +6 ring of intelligence
Will    .....                   (no ring)
Stlth   ++++++....              (no ring)
HPRegen 0.16/turn               (no ring)
MPRegen 0.51/turn               (no ring)
                                (no ring)
                                (no ring)

@: no status effects
A: almost no armour, amphibious, 8 rings, camouflage 1, gelatinous body 1,
(nimble swimmer 1), tentacles
a: no special abilities


You were on level 5 of the Dungeon.
You visited 1 branch of the dungeon, and saw 5 of its levels.

You collected 296 gold pieces.

Inventory:

Hand Weapons
 a - a +3 dagger of chaos (weapon)
Missiles
 b - 18 poisoned darts
 c - 3 curare-tipped darts
 f - a throwing net
 v - 2 boomerangs (quivered)
Jewellery
 o - a ring of protection from fire (left tentacle)
 r - an amulet of magic regeneration (around mantle)
 t - a +6 ring of intelligence (right tentacle)
Scrolls
 k - a scroll of immolation
Potions
 d - a potion of berserk rage
 e - a potion of curing
 h - 2 potions of lignification
 j - a potion of attraction
 l - 2 potions of flight
 m - a potion of mutation {unknown}
 n - 2 potions of heal wounds {unknown}
 s - a potion of might {unknown}
 x - a potion of cancellation {unknown}
 A - a potion of haste {unknown}


   Skills:
 - Level 2.0 Fighting
 - Level 2.0 Short Blades
 - Level 2.0 Throwing
 + Level 5.2 Dodging
 * Level 11.8 Stealth


You had 7 spell levels left.
You didn't know any spells.
Your spell library contained the following spells:

 Spells                   Type           Power      Damage    Failure   Level
 Frozen Ramparts          Ice            0%         1d2       52%         3
 Gell's Gravitas          Tloc           0%         N/A       52%         3
 Lesser Beckoning         Tloc           0%         N/A       52%         3
 Teleport Other           Tloc           0%         N/A       52%         3
 Ice Form                 Ice/Tmut       0%         N/A       90%         4
 Summon Ice Beast         Ice/Summ       0%         N/A       90%         4
 Dispersal                Tloc           0%         N/A       100%        6


Dungeon Overview and Level Annotations

Branches:
Dungeon (5/15)
 Temple: D:4-7

Altars:
Elyvilon
Makhleb

Annotations:
D:3 2 runed translucent doors, Conn's ghost, weakling OpFE


Innate Abilities, Weirdness & Mutations

You cannot wear most types of armour.
You are amphibious.
You can wear up to eight rings at the same time.
Your skin changes colour to match your surroundings (Stealth+).
Your rubbery body absorbs attacks. (AC +1, EV +1)
((You are camouflaged when in or above water. (Stealth+)))
You have tentacles for arms and can constrict up to eight enemies at once.


Message History

There is an open door here.
You see here a +3 whip.
There is an open door, spattered with blood here.
Things that are here:
a +0 spear; a +0 halberd; a gnoll skeleton
There is an open gate here.
You open the gate.
There is an open gate here.
There is an open door here.
There is an open door here.
An ice beast comes into view.
An ice beast is nearby!
An ice beast is nearby!
Throw: 3 boomerangs
Press: ? - help, Q - select action, (/) - cycle Shift-Dir - straight line, f - ice beast
Aim: an ice beast (62% to hit)
You throw a boomerang. The boomerang hits the ice beast.
The ice beast is lightly wounded.
You hit the ice beast.
You melt the ice beast.
You squeeze the ice beast.
The ice beast is moderately wounded.
The ice beast hits you. The ice beast freezes you!
You hit the ice beast.
The ice beast seems to slow down.
You squeeze the ice beast, but do no damage.
The ice beast is moderately wounded.
You hit the ice beast.
You melt the ice beast.
The ice beast is heavily wounded.
The ice beast is no longer moving slowly.
The ice beast hits you. The ice beast freezes you!
You hit the ice beast but do no damage. You squeeze the ice beast.
The ice beast is heavily wounded.
The ice beast hits you. The ice beast freezes you!
* * * LOW HITPOINT WARNING * * *
The ice beast attacks as you move away!
The ice beast hits you but does no damage.
You hit the ice beast.
The ice beast is severely wounded.
The ice beast hits you.
* * * LOW HITPOINT WARNING * * *
The ice beast freezes you!
You die...

******,,,#.....# #.....##...##
*,,.##..,#.....# #.....##...##
',,.....,#.....# ######'##...##
*,,,.....#...).# #.......#...##
*,,,*#.S.#.....#####.......#...##
*****#...##................#'''#.
,,,,,#...o#................#.....
,,,,,#....#................#.....
,,,,,#....)....Y@..........#.....
,,,,,#....#................#.....
,,,..'....#................'.....
,,,..#....#................#>....
,,,.,######..........[.....#.####
*****,,,,,####################...
*,,,,,*,,,,* #... *,,,,,',,,,*
#... *,,,,,*,,,,* #...


You could see an ice beast.

Vanquished Creatures
  An ogre (D:5)
  A black bear (D:4)
  A phantom (D:4)
  3 scorpions
  A necrophage (D:4)
  5 hounds
  An orc priest (D:5)
  3 orc wizards
  8 adders
  3 gnolls (D:5)
  2 white imps (D:5)
  3 worms
  2 dart slugs
  14 orcs
  9 ball pythons
  A bat (D:2)
  5 endoplasms
  8 giant cockroaches
  5 goblins
  3 hobgoblins
  7 kobolds
  8 quokkas
  5 frilled lizards
  5 rats
104 creatures vanquished.

Notes
Turn   | Place    | Note
-------+----------+-------------------------------------------
     0 | D:1      | PentaManta the Octopode Brigand began the quest for the
                  | Orb.
     0 | D:1      | Reached XP level 1. HP: 14/14 MP: 1/1
   195 | D:1      | Reached XP level 2. HP: 10/19 MP: 2/2
   416 | D:1      | Reached skill level 6 in Stealth
   926 | D:2      | Reached XP level 3. HP: 21/24 MP: 3/3
  1327 | D:2      | Found a burning altar of Makhleb.
  1476 | D:3      | Found a runed translucent door.
  1480 | D:3      | Noticed Conn's ghost (weakling OpFE)
  1818 | D:3      | Reached XP level 4. HP: 27/29 MP: 4/4
  1889 | D:3      | Found a runed translucent door.
  1936 | D:3      | Reached skill level 7 in Stealth
  2215 | D:3      | Found a faded altar of an unknown god.
  2227 | D:3      | Noticed a scorpion
  2237 | D:3      | Killed a scorpion
  2238 | D:3      | Reached skill level 8 in Stealth
  2238 | D:3      | Reached XP level 5. HP: 34/34 MP: 5/5
  2244 | D:3      | Found a white marble altar of Elyvilon.
  2953 | D:4      | Reached XP level 6. HP: 20/39 MP: 6/6
  3112 | D:4      | Noticed a black bear
  3125 | D:4      | Killed a black bear
  3126 | D:4      | Reached skill level 9 in Stealth
  3423 | D:4      | HP: 1/39 [scorpion (3)]
  3432 | D:4      | Reached XP level 7. HP: 19/45 MP: 7/7
  3439 | D:4      | Reached skill level 10 in Stealth
  3913 | D:5      | Entered Level 5 of the Dungeon
  4083 | D:5      | Reached skill level 11 in Stealth
  4368 | D:5      | Reached XP level 8. HP: 22/50 MP: 8/8
  4495 | D:5      | Reached skill level 5 in Dodging
  4992 | D:5      | Slain by an ice beast

Illustrated notes

Levels and vault maps discovered:
D:1:      minmay_arrival_doors, layout_loops_ring, st_stairs_3,
          corexii_hall_statues_l
D:2:      layout_loops_ring, basic_altar
D:3:      minmay_chambers_of_twos, layout_rooms, elyvilon_altar_3,
          ebering_ghost_sewer_f, hellmonk_ecumenical_altar_leap_of_faith
D:4:      layout_rooms
D:5:      layout_gridville, kennysheep_cross_bottleneck

Skill      XL: |  1  2  3  4  5  6  7  8 |
---------------+-------------------------+-----
Stealth        | 6 8 9 11 | 11.8
Dodging        | 2 3 4 5 |  5.2
Fighting       | |  2.0
Short Blades   | |  2.0
Throwing       | |  2.0

Action                   |  1- 3 |  4- 6 |  7- 9 || total
-------------------------+-------+-------+-------++-------
Melee: Dagger            |    70 |   104 |    60 ||   234
       Constrict         |    16 |    22 |    12 ||    50
       Tentacles         |    10 |    23 |    16 ||    49
       Punch             |       |       |     2 ||     2
Throw: Dart              |       |     3 |       ||     3
       Boomerang         |       |     6 |     1 ||     7
  Use: Potion            |       |     4 |       ||     4
       Scroll            |       |       |    12 ||    12
 Stab: Sleeping          |    15 |    10 |    11 ||    36
       Distracted        |     1 |     2 |       ||     3
Armor: Skin              |     1 |     1 |     2 ||     4
Dodge: Dodged            |    32 |    60 |    23 ||   115

Table legend: (Time is in decaauts)
 A = Elapsed time spent in this place.
 B = Non-inter-level travel time spent in this place.
 C = Inter-level travel time spent in this place.
 D = Time resting spent in this place.
 E = Time spent auto-exploring this place.
 F = Levels seen in this place.
 G = Mean time per level.
                   A        B        C        D        E       F      G
               +--------+--------+--------+--------+--------+-----+--------+
         Total |   4980 |   4929 |     51 |    785 |   3185 |   5 |  996.0 |
       Dungeon |   4980 |   4929 |     51 |    785 |   3185 |   5 |  996.0 |
               +--------+--------+--------+--------+--------+-----+--------+

Top non-repeatable levels by time:
     D:3: 1402 daAuts
     D:5: 1074 daAuts
     D:4: 1043 daAuts
     D:1: 784 daAuts
     D:2: 676 daAuts
